 Dungeon Crawl Stone Soup version 0.31-a0-986-g5e6e4ef867 (webtiles) character file.

Game seed: 1660900441418961090

324 Crabhammer the Insei (level 6, -1/38 HPs)
             Began as an Octopode Shapeshifter on Nov 23, 2023.
             Was a Follower of Wu Jian.
             Slain by an ogre
             ... wielding a +0 giant club
              (25 damage)
             ... on level 5 of the Dungeon.
             The game lasted 00:15:24 (2952 turns).

Crabhammer the Insei (Octopode Shapeshifter)        Turns: 2952, Time: 00:15:24

Health: -1/38      AC:  1    Str: 13    XL:     6   Next: 48%
Magic:  6/6        EV: 13    Int: 12    God:    Wu Jian [*.....]
Gold:   233        SH:  0    Dex: 20    Spells: 5/5 levels left

rFire   . .          .
                       - Unarmed
rCold   . . .        (no shield)
rNeg    . . .        (helmet currently unavailable)
rPois   .            (no amulet)
rElec   .            i - +6 ring of dexterity
rCorr   .            (no ring)
SInv    .            (no ring)
Will    .....        (no ring)
Stlth   +++          (no ring)
HPRegen 0.26/turn    (no ring)
MPRegen 0.10/turn    (no ring)
                     (no ring)

%: no passive effects
@: beast-form
A: beast (slay +2), almost no armour, amphibious, 8 rings, camouflage 1,
gelatinous body 1, (nimble swimmer 1), tentacles
a: Begin Untransformation, Renounce Religion


You were on level 5 of the Dungeon.
You worshipped Wu Jian.
Wu Jian was aware of your devotion.
You were a hulking beast.
You visited 1 branch of the dungeon, and saw 5 of its levels.

You collected 233 gold pieces.

Inventory:

Hand Weapons
 f - a +1 dagger of electrocution
Missiles
 n - 10 poisoned darts
Jewellery
 i - a +6 ring of dexterity (left tentacle)
Talismans
 b - a beast talisman
 c - a flux talisman
Wands
 p - a wand of polymorph (8)
 s - a wand of acid (7) (quivered)
Scrolls
 d - a scroll of fog {unknown}
 e - a scroll of amnesia {unknown}
 k - 4 scrolls of poison {unknown}
 o - 2 scrolls of teleportation {unknown}
Potions
 g - a potion of resistance
 h - a potion of attraction
 j - a potion of curing
 l - a potion of heal wounds {unknown}
 m - a potion of mutation {unknown}
 q - a potion of haste {unknown}
 r - 2 potions of might


   Skills:
 - Level 1.0 Fighting
 - Level 2.0 Dodging
 + Level 5.8 Unarmed Combat
 + Level 4.6 Shapeshifting


You had 5 spell levels left.
You didn't know any spells.
Your spell library contained the following spells:

 Spells                   Type           Power      Damage    Failure   Level
 Necrotise                Necr           0%         1d4       32%         1
 Shock                    Conj/Air       0%         1d3       32%         1
 Blink                    Tloc           0%         N/A       45%         2
 Lesser Beckoning         Tloc           0%         N/A       45%         2
 Momentum Strike          Conj/Tloc      0%         3d8       45%         2
 Swiftness                Air            0%         N/A       69%         3
 Vampiric Draining        Necr           0%         2d6       69%         3
 Airstrike                Air            0%         2d(0-16)  97%         4
 Agony                    Necr           0%         N/A       100%        5


Dungeon Overview and Level Annotations

Branches:
Dungeon (5/15)
 Temple: D:4-7

Altars:
Ru
Wu Jian

Shops:
D:1 *   D:5 :

Annotations:
D:4 Grinder, Pikel, Sigmund


Innate Abilities, Weirdness & Mutations

You are a hulking beast.
Your limbs bulge with bestial killing power. (Slay +2)
You cannot wear most types of armour.
You are amphibious.
You can wear up to eight rings at the same time.
Your skin changes colour to match your surroundings (Stealth+).
Your rubbery body absorbs attacks. (AC +1, EV +1)
((You are camouflaged when in or above water. (Stealth+)))
You have tentacles for arms and can constrict up to eight enemies at once.


Message History

The adder is heavily wounded.
You constrict the adder. The adder closely misses you.
You tentacle-slap the adder.
You kill the adder!
The Council accepts your kill.
You see here an adder corpse.
The dart slug launches a dart at you. The slug dart misses you.
You lunge at the dart slug.
You bludgeon the dart slug!
You kill the dart slug!
The Council accepts your kill.
You can now lightly attack monsters by moving around them.
The ogre shouts!
You hear an angry hiss.
The iguana bites you.
You see here a dart slug corpse.
You tentacle-slap the iguana. You grab the iguana.
You squeeze the iguana, but do no damage.
The iguana is lightly wounded.
You constrict the iguana, but do no damage.
The iguana bites you!
You completely miss the iguana.
The iguana is lightly wounded.
You constrict the iguana. The iguana closely misses you.
You tentacle-slap the iguana but do no damage.
You tentacle-slap the iguana, but do no damage.
The iguana is moderately wounded.
You constrict the iguana. The iguana closely misses you.
The ogre closely misses you.
You tentacle-slap the iguana.
The iguana is heavily wounded.
You constrict the iguana. The iguana bites you.
You bludgeon the iguana!
You kill the iguana!
The Council accepts your kill. The ogre misses you.
You tentacle-slap the ogre.
The ogre is moderately wounded.
The ogre hits you with a +0 giant club!!
Ouch! That really hurt!
You die...

.........##......#
#.#.....#.#
##.#...####......#
#.#.._..#.#
..#......>......#
##.#.....#.# ..
#.######......#
#..#.....#.# .. #.#
#......# #..#######.#
.. ##.#####
##..........# ...
#.######..........###
...
#..†.....##......##
...
.#.###h###.########
.....#...O.#.#
#.##.#.###.#.# #
#.#..)..#.#
#.#.###.#.#
#.#.....#.#
#.###.###.#
#........##
#........#


You could see an ogre.

Vanquished Creatures
  Edmund (D:5)
  A hound (D:4)
  An iguana (D:5)
  Ijyb (D:3)
  Robin (D:3)
  A gnoll (D:3)
  4 adders
  2 worms
  3 dart slugs
  5 orcs (D:3)
  2 ball pythons
  3 endoplasms
  2 giant cockroaches
  12 goblins (D:3)
  6 hobgoblins
  4 kobolds
  3 quokkas
  2 bats
  3 frilled lizards
  4 rats
61 creatures vanquished.

Notes
Turn   | Place    | Note
-------+----------+-------------------------------------------
     0 | D:1      | Crabhammer the Octopode Shapeshifter began the quest for
                  | the Orb.
     0 | D:1      | Reached XP level 1. HP: 13/13 MP: 1/1
   196 | D:1      | Found Simanet's Assorted Antiques.
   210 | D:1      | Reached XP level 2. HP: 18/18 MP: 2/2
   253 | D:1      | You fall into a shaft and drop 1 floor!
   740 | D:1      | Reached skill level 4 in Unarmed Combat
   740 | D:1      | Reached XP level 3. HP: 23/23 MP: 3/3
  1345 | D:2      | Found an ornate altar of the Wu Jian Council.
  1470 | D:2      | Became a worshipper of the Wu Jian Council
  1759 | D:3      | Noticed Ijyb
  1801 | D:3      | Killed Ijyb
  1802 | D:3      | Reached XP level 4. HP: 23/28 MP: 4/4
  1846 | D:3      | Noticed an ogre
  2095 | D:3      | Noticed Robin
  2106 | D:3      | Reached skill level 5 in Unarmed Combat
  2140 | D:3      | Found a faded altar of an unknown god.
  2351 | D:3      | Reached XP level 5. HP: 32/33 MP: 5/5
  2356 | D:3      | Killed Robin
  2396 | D:4      | Noticed Sigmund
  2501 | D:4      | Noticed a lemure
  2503 | D:4      | Noticed a lemure
  2503 | D:4      | Noticed Grinder
  2504 | D:4      | Noticed Pikel
  2683 | D:5      | Entered Level 5 of the Dungeon
  2695 | D:5      | Found a sacrificial altar of Ru.
  2749 | D:5      | Noticed Edmund
  2752 | D:5      | Found Qureipsurr's Book Boutique.
  2767 | D:5      | HP: 2/49 [Edmund/+3 heavy dire flail (2)]
  2768 | D:5      | Killed Edmund
  2769 | D:5      | Reached XP level 6. HP: 3/38 MP: 6/6
  2944 | D:5      | Reached * piety under Wu Jian
  2952 | D:5      | Slain by an ogre

Illustrated notes

Levels and vault maps discovered:
D:1:      lightli_iron_boxes, layout_basic, serial_shops, shop
D:2:      layout_loops_corners, basic_altar
D:3:      layout_basic, ebering_ecumenical_altar_box, uniq_robin, uniq_ijyb
D:4:      layout_basic, minmay_temple_entry_overgrown, uniq_pikel, uniq_grinder,
          uniq_sigmund
D:5:      layout_basic, amcnicky_altar_gilded, serial_shops,
          nicolae_shop_tiny_statue_garden, nicolae_shop_statue_plus,
          minmay_checkerbox, uniq_edmund

Skill      XL: |  1  2  3  4  5 |
---------------+----------------+-----
Unarmed Combat | 4 5 |  5.8
Shapeshifting  | 4 |  4.6
Fighting       | |  1.0
Dodging        | |  2.0

Action                     |  1- 3 |  4- 6 || total
---------------------------+-------+-------++-------
  Melee: Dagger            |    32 |    77 ||   109
         Unarmed           |     2 |     9 ||    11
         Constrict         |     7 |    21 ||    28
         Tentacles         |     4 |    12 ||    16
         Punch             |       |     3 ||     3
Ability: Lunge             |     2 |     7 ||     9
    Use: Scroll            |       |     5 ||     5
         Potion            |       |     1 ||     1
   Stab: Sleeping          |    12 |     2 ||    14
 Armour: Skin              |     8 |    34 ||    42
  Dodge: Dodged            |    10 |    31 ||    41

Table legend: (Time is in decaauts)
 A = Elapsed time spent in this place.
 B = Non-inter-level travel time spent in this place.
 C = Inter-level travel time spent in this place.
 D = Time resting spent in this place.
 E = Time spent auto-exploring this place.
 F = Levels seen in this place.
 G = Mean time per level.
                   A        B        C        D        E       F      G
               +--------+--------+--------+--------+--------+-----+--------+
         Total |   2946 |   2474 |    472 |    195 |   1145 |   5 |  589.2 |
       Dungeon |   2946 |   2474 |    472 |    195 |   1145 |   5 |  589.2 |
               +--------+--------+--------+--------+--------+-----+--------+

Top non-repeatable levels by time:
     D:2: 1057 daAuts
     D:1: 691 daAuts
     D:3: 690 daAuts
     D:5: 265 daAuts
     D:4: 240 daAuts
